[ AOE2 MATCH · #477362744 ]
UnrankedPortuguese vs Gurjaras
Player's team · LOSS
[ REPLAY ANALYSIS · EXTRACTED FROM THE RECORDED GAME ]
Feudal
8:02
Castle
11:32
Imperial
29:46
| APM avg | 24.9 |
| APM peak | 52 |
| eAPM avg | 18.4 |
| Villagers / military | 136 / 415 |
Focus
⚔️ 30.5% · 🌾 69.5%
Archer ×224 · Scout Cavalry ×100 · Bombard Cannon ×31 · Spearman ×30 · Trade Cart ×27 · Knight ×23
Feudal
8:30
Castle
16:54
Imperial
35:21
| APM avg | 29.5 |
| APM peak | 69 |
| eAPM avg | 19.0 |
| Villagers / military | 183 / 514 |
Focus
⚔️ 34.0% · 🌾 66.0%
Camel Scout ×259 · Scout Cavalry ×136 · Shrivamsha Rider ×119 · Trade Cart ×43
Feudal
7:12
Castle
13:19
Imperial
31:02
| APM avg | 45.9 |
| APM peak | 97 |
| eAPM avg | 32.9 |
| Villagers / military | 174 / 461 |
Focus
⚔️ 42.4% · 🌾 57.6%
Spearman ×261 · Huskarl ×179 · Trade Cart ×31 · Mangonel ×7 · Bombard Cannon ×6 · Scorpion ×4
Feudal
10:56
Castle
14:26
Imperial
17:37
| APM avg | 34.4 |
| APM peak | 81 |
| eAPM avg | 20.3 |
| Villagers / military | 86 / 129 |
Focus
⚔️ 34.2% · 🌾 65.8%
Janissary ×103 · Bombard Cannon ×22 · Scorpion ×3 · Trebuchet (Packed) ×1
Feudal
7:36
Castle
11:29
Imperial
28:23
| APM avg | 47.3 |
| APM peak | 81 |
| eAPM avg | 26.9 |
| Villagers / military | 157 / 235 |
Focus
⚔️ 43.6% · 🌾 56.4%
Skirmisher ×177 · Unknown (1911) ×110 · Iron Pagoda ×49 · Trade Cart ×22 · Unknown (1908) ×11 · Trebuchet (Packed) ×7
Feudal
6:47
Castle
10:23
Imperial
31:20
| APM avg | 42.7 |
| APM peak | 96 |
| eAPM avg | 23.5 |
| Villagers / military | 155 / 254 |
Focus
⚔️ 39.9% · 🌾 60.1%
Archer ×205 · Bombard Cannon ×47 · Trade Cart ×29 · Battering Ram ×2
Feudal
8:03
Castle
11:33
Imperial
29:17
| APM avg | 32.9 |
| APM peak | 62 |
| eAPM avg | 25.4 |
| Villagers / military | 237 / 377 |
Focus
⚔️ 37.4% · 🌾 62.6%
Knight ×195 · Scout Cavalry ×83 · Trade Cart ×61 · Camel Scout ×55 · Gbeto ×44
Feudal
8:26
Castle
12:09
Imperial
37:16
| APM avg | 37.4 |
| APM peak | 119 |
| eAPM avg | 21.2 |
| Villagers / military | 147 / 560 |
Focus
⚔️ 40.4% · 🌾 59.6%
Camel Scout ×231 · Steppe Lancer ×212 · Scout Cavalry ×75 · Trade Cart ×33 · Knight ×28 · Keshik ×5
Match map
Initial resources + every placement click. Lines = walls · curves = elevation contours. ◆ gold · ⬟ stone · ● berries · ✦ relic · ◌ wall gap
Your base· ✓ Closed at 11:32 · 0t walls · 6 gate(s)
超可愛小海豹's base· ✓ Closed at 16:54 · 51t walls · 7 gate(s)
ITA | tonypolik's base· ✓ Closed at 13:19 · 0t walls · 7 gate(s)
Titi's base· ✓ Closed at 14:26 · 0t walls · 9 gate(s)
stroemming14's base· ✓ Closed at 11:29 · 0t walls · 7 gate(s)
ITA | GiaggiaZena's base· ✓ Closed at 10:23 · 0t walls · 7 gate(s)
76561198442580508's base· ✓ Closed at 11:33 · 0t walls · 6 gate(s)
ITA | CivettaLeotta's base· ✓ Closed at 12:09 · 30t walls · 7 gate(s)
Smoothed initial terrain · ◌ = detected wall gap · hover for details
Inputs per minute
— ITA | Dante - - 超可愛小海豹
Build order — ITA | Dante
First 150 of 495 actions detected
| 0:02 | Create | Villager (Male) |
| 0:02 | Create | Villager (Male) |
| 0:02 | Create | Villager (Male) |
| 0:03 | Create | Villager (Male) |
| 0:08 | Build | Lumber Camp |
| 0:12 | Build | Mill |
| 1:24 | Create | Villager (Male) |
| 2:03 | Create | Villager (Male) |
| 2:23 | Create | Villager (Male) |
| 2:24 | Create | Villager (Male) |
| 3:13 | Create | Villager (Male) |
| 3:13 | Create | Villager (Male) |
| 3:14 | Create | Villager (Male) |
| 4:04 | Create | Villager (Male) |
| 4:47 | Create | Villager (Male) |
| 4:47 | Create | Villager (Male) |
| 5:20 | Build | Mining Camp |
| 5:27 | Research | Feudal Age |
| 5:37 | Build | Farm |
| 5:39 | Build | Farm |
| 5:42 | Build | Farm |
| 5:59 | Create | Villager (Male) |
| 5:59 | Create | Villager (Male) |
| 8:02 | Age | Feudal Age |
| 8:03 | Build | Blacksmith |
| 8:05 | Build | Market |
| 8:51 | Research | Castle Age |
| 8:59 | Build | Farm |
| 9:01 | Research | Double-Bit Axe |
| 9:21 | Research | Horse Collar |
| 9:45 | Create | Villager (Male) |
| 11:32 | Age | Castle Age |
| 11:35 | Build | Town Center |
| 11:42 | Build | Town Center |
| 12:02 | Create | Villager (Male) |
| 12:04 | Research | Bow Saw |
| 12:05 | Create | Villager (Male) |
| 12:21 | Build | Farm |
| 12:32 | Create | Villager (Male) |
| 12:37 | Build | Farm |
| 12:56 | Create | Villager (Male) |
| 12:59 | Build | Farm |
| 13:00 | Create | Villager (Male) |
| 13:15 | Build | Farm |
| 13:18 | Create | Villager (Male) |
| 13:23 | Build | Farm |
| 13:24 | Create | Villager (Male) |
| 13:33 | Build | Farm |
| 13:36 | Build | Farm |
| 13:39 | Create | Villager (Male) |
| 13:57 | Create | Villager (Male) |
| 13:58 | Create | Villager (Male) |
| 14:09 | Create | Villager (Male) |
| 14:24 | Create | Villager (Male) |
| 14:38 | Create | Villager (Male) |
| 14:38 | Create | Villager (Male) |
| 14:40 | Create | Villager (Male) |
| 14:40 | Create | Villager (Male) |
| 14:44 | Build | Farm |
| 14:46 | Build | Farm |
| 14:50 | Build | Farm |
| 14:51 | Create | Villager (Male) |
| 14:58 | Create | Villager (Male) |
| 15:04 | Build | Town Center |
| 15:08 | Build | Mining Camp |
| 15:09 | Research | Wheelbarrow |
| 15:15 | Build | Farm |
| 15:19 | Build | Farm |
| 15:20 | Create | Villager (Male) |
| 15:20 | Create | Villager (Male) |
| 15:32 | Create | Villager (Male) |
| 15:37 | Research | Loom |
| 15:41 | Create | Villager (Male) |
| 15:44 | Build | Farm |
| 15:46 | Build | Farm |
| 15:47 | Build | Farm |
| 15:55 | Create | Villager (Male) |
| 16:09 | Create | Villager (Male) |
| 16:09 | Create | Villager (Male) |
| 16:15 | Research | Heavy Plow |
| 16:22 | Build | Farm |
| 16:33 | Create | Villager (Male) |
| 16:40 | Create | Villager (Male) |
| 16:40 | Create | Villager (Male) |
| 16:49 | Create | Villager (Male) |
| 16:55 | Build | Stable |
| 16:57 | Create | Villager (Male) |
| 16:57 | Create | Villager (Male) |
| 17:02 | Build | Farm |
| 17:03 | Create | Villager (Male) |
| 17:07 | Build | House |
| 17:09 | Build | House |
| 17:11 | Build | House |
| 17:12 | Build | House |
| 17:13 | Build | House |
| 17:14 | Create | Villager (Male) |
| 17:15 | Create | Villager (Male) |
| 17:31 | Research | Scale Barding Armor |
| 17:37 | Build | Stable |
| 17:38 | Create | Villager (Male) |
| 17:38 | Create | Villager (Male) |
| 17:50 | Build | Farm |
| 17:52 | Create | Villager (Male) |
| 17:57 | Build | Farm |
| 18:01 | Build | Farm |
| 18:06 | Create | Knight ×2 |
| 18:08 | Create | Villager (Male) |
| 18:13 | Build | Farm |
| 18:14 | Build | Farm |
| 18:16 | Create | Villager (Male) |
| 18:18 | Create | Villager (Male) |
| 18:18 | Create | Villager (Male) |
| 18:24 | Build | Lumber Camp |
| 18:27 | Create | Villager (Male) |
| 18:27 | Create | Villager (Male) |
| 18:30 | Build | Farm |
| 18:31 | Create | Villager (Male) |
| 18:35 | Build | Lumber Camp |
| 18:37 | Create | Villager (Male) |
| 18:44 | Create | Villager (Male) |
| 18:47 | Build | House |
| 18:50 | Build | House |
| 18:50 | Create | Villager (Male) |
| 18:50 | Create | Villager (Male) |
| 18:55 | Create | Knight |
| 18:56 | Create | Knight |
| 19:07 | Build | Farm |
| 19:08 | Create | Villager (Male) |
| 19:10 | Build | Farm |
| 19:15 | Build | House |
| 19:15 | Build | House |
| 19:18 | Create | Knight |
| 19:18 | Create | Knight |
| 19:28 | Create | Villager (Male) |
| 19:28 | Create | Villager (Male) |
| 19:31 | Research | Bloodlines |
| 19:44 | Build | Farm |
| 19:45 | Build | Farm |
| 19:45 | Build | Farm |
| 19:45 | Build | Farm |
| 19:45 | Build | Farm |
| 19:46 | Build | Farm |
| 19:47 | Build | Farm |
| 19:47 | Build | Farm |
| 19:48 | Build | Farm |
| 19:48 | Build | Farm |
| 19:53 | Research | Forging |
| 19:54 | Create | Villager (Male) |
| 19:55 | Create | Villager (Male) |
| 19:55 | Create | Villager (Male) |
Build order — 超可愛小海豹
First 150 of 528 actions detected
| 0:05 | Create | Villager (Male) ×4 |
| 0:05 | Create | Villager (Male) ×4 |
| 0:36 | Build | Lumber Camp |
| 0:44 | Build | Mill |
| 1:01 | Create | Villager (Male) |
| 1:20 | Create | Villager (Male) |
| 1:20 | Create | Villager (Male) |
| 1:49 | Create | Villager (Male) ×2 |
| 2:38 | Create | Villager (Male) |
| 2:38 | Create | Villager (Male) |
| 2:38 | Create | Villager (Male) |
| 2:54 | Create | Villager (Male) |
| 2:54 | Create | Villager (Male) |
| 2:54 | Create | Villager (Male) |
| 3:10 | Create | Villager (Male) |
| 4:03 | Create | Villager (Male) |
| 4:04 | Create | Villager (Male) |
| 5:39 | Research | Feudal Age |
| 5:41 | Research | Loom |
| 5:42 | Research | Feudal Age |
| 5:56 | Build | Mining Camp |
| 7:39 | Create | Villager (Male) |
| 7:39 | Create | Villager (Male) |
| 7:47 | Build | Farm |
| 7:47 | Build | Farm |
| 7:48 | Build | Farm |
| 8:26 | Build | Farm |
| 8:27 | Build | Farm |
| 8:28 | Build | Farm |
| 8:30 | Age | Feudal Age |
| 8:31 | Build | Farm |
| 8:33 | Research | Horse Collar |
| 8:34 | Research | Horse Collar |
| 8:35 | Research | Double-Bit Axe |
| 8:35 | Research | Double-Bit Axe |
| 8:39 | Create | Villager (Male) |
| 8:39 | Create | Villager (Male) |
| 9:04 | Build | Stone Wall |
| 9:13 | Research | Wheelbarrow |
| 9:18 | Build | Mining Camp |
| 10:14 | Create | Villager (Male) |
| 10:14 | Create | Villager (Male) |
| 10:30 | Build | Stone Wall |
| 10:39 | Build | House |
| 10:40 | Build | House |
| 10:40 | Build | House |
| 11:01 | Build | Farm |
| 11:01 | Build | Farm |
| 11:01 | Build | Farm |
| 11:01 | Build | Farm |
| 12:13 | Create | Villager (Male) |
| 12:13 | Create | Villager (Male) |
| 12:16 | Build | Blacksmith |
| 13:01 | Build | Stable |
| 13:21 | Research | Town Watch |
| 13:44 | Build | Stone Wall |
| 13:49 | Create | Villager (Male) |
| 13:54 | Build | House |
| 13:56 | Build | House |
| 13:57 | Build | House |
| 14:02 | Build | House |
| 14:02 | Build | House |
| 14:04 | Create | Camel Scout |
| 14:04 | Create | Camel Scout |
| 14:08 | Research | Castle Age |
| 14:35 | Research | Gold Mining |
| 14:35 | Research | Stone Mining |
| 14:42 | Create | Camel Scout |
| 14:42 | Create | Camel Scout |
| 15:18 | Build | Gate |
| 15:24 | Create | Villager (Male) |
| 15:24 | Create | Villager (Male) |
| 15:48 | Create | Camel Scout |
| 15:48 | Create | Camel Scout |
| 15:53 | Create | Villager (Male) |
| 15:53 | Create | Villager (Male) |
| 16:43 | Create | Camel Scout |
| 16:43 | Create | Camel Scout |
| 16:46 | Research | Forging |
| 16:46 | Research | Forging |
| 16:47 | Research | Scale Barding Armor |
| 16:54 | Age | Castle Age |
| 16:55 | Build | Stable |
| 17:07 | Create | Villager (Male) |
| 17:07 | Create | Villager (Male) |
| 17:17 | Build | Town Center |
| 17:46 | Build | Stone Wall |
| 17:57 | Build | House |
| 17:58 | Build | House |
| 17:58 | Build | House |
| 17:59 | Build | House |
| 18:00 | Build | House |
| 18:12 | Create | Camel Scout |
| 18:12 | Create | Camel Scout |
| 18:50 | Create | Villager (Male) ×5 |
| 18:56 | Create | Camel Scout |
| 18:56 | Create | Camel Scout |
| 19:05 | Build | House |
| 19:06 | Build | House |
| 19:07 | Build | House |
| 19:08 | Build | House |
| 19:09 | Build | House |
| 19:10 | Build | House |
| 19:10 | Build | House |
| 19:15 | Build | House |
| 19:38 | Create | Villager (Male) |
| 19:39 | Create | Villager (Male) |
| 19:58 | Build | Stone Wall |
| 20:01 | Build | Gate |
| 20:09 | Build | House |
| 20:10 | Build | House |
| 20:11 | Build | House |
| 20:22 | Create | Villager (Male) ×5 |
| 20:46 | Build | Farm |
| 20:46 | Build | Farm |
| 20:47 | Build | Farm |
| 20:56 | Build | Farm |
| 21:37 | Create | Villager (Male) ×5 |
| 21:39 | Build | Farm |
| 21:39 | Build | Farm |
| 21:40 | Build | Farm |
| 22:02 | Build | Outpost |
| 22:03 | Build | Outpost |
| 22:05 | Build | Outpost |
| 22:07 | Create | Villager (Male) ×3 |
| 22:11 | Build | House |
| 22:12 | Build | House |
| 22:13 | Build | House |
| 22:14 | Build | House |
| 22:15 | Build | House |
| 22:16 | Build | House |
| 22:26 | Build | Outpost |
| 22:28 | Create | Villager (Male) |
| 22:29 | Create | Villager (Male) |
| 22:46 | Research | Iron Casting |
| 22:47 | Research | Iron Casting |
| 23:05 | Build | Outpost |
| 23:19 | Build | Stone Wall |
| 23:50 | Build | Outpost |
| 23:52 | Research | Hand Cart |
| 23:53 | Create | Villager (Male) ×3 |
| 23:55 | Create | Villager (Male) |
| 24:00 | Build | Farm |
| 24:00 | Build | Farm |
| 24:01 | Build | Farm |
| 24:01 | Build | Farm |
| 24:01 | Build | Farm |
| 24:01 | Build | Farm |
| 24:24 | Create | Camel Scout |
| 24:25 | Create | Camel Scout |
Build order — ITA | tonypolik
First 150 of 785 actions detected
| 0:01 | Create | Villager (Male) |
| 0:02 | Create | Villager (Male) |
| 0:05 | Build | Lumber Camp |
| 0:13 | Build | Mill |
| 0:24 | Create | Villager (Male) |
| 0:24 | Create | Villager (Male) |
| 0:24 | Create | Villager (Male) |
| 0:54 | Create | Villager (Male) |
| 0:54 | Create | Villager (Male) |
| 1:29 | Create | Villager (Male) |
| 1:30 | Create | Villager (Male) |
| 1:52 | Create | Villager (Male) |
| 1:53 | Create | Villager (Male) |
| 2:47 | Create | Villager (Male) |
| 2:48 | Create | Villager (Male) |
| 2:48 | Create | Villager (Male) |
| 2:48 | Create | Villager (Male) |
| 2:48 | Create | Villager (Male) |
| 3:10 | Create | Villager (Male) |
| 3:11 | Create | Villager (Male) |
| 4:08 | Create | Villager (Male) |
| 4:38 | Build | Lumber Camp |
| 4:47 | Build | Mining Camp |
| 5:02 | Research | Feudal Age |
| 5:03 | Research | Feudal Age |
| 5:21 | Build | Farm |
| 5:30 | Build | Farm |
| 5:35 | Build | Farm |
| 6:35 | Create | Villager (Male) |
| 7:12 | Age | Feudal Age |
| 7:18 | Research | Double-Bit Axe |
| 7:19 | Create | Villager (Male) |
| 7:39 | Build | Market |
| 7:48 | Build | Blacksmith |
| 7:51 | Build | Farm |
| 8:01 | Build | Farm |
| 8:04 | Create | Villager (Male) |
| 8:18 | Build | Farm |
| 8:31 | Create | Villager (Male) |
| 8:44 | Build | Farm |
| 8:47 | Build | Farm |
| 8:50 | Create | Villager (Male) |
| 9:10 | Build | Farm |
| 9:22 | Create | Villager (Male) |
| 9:30 | Build | Farm |
| 9:43 | Create | Villager (Male) |
| 9:47 | Build | Farm |
| 10:00 | Build | Farm |
| 10:14 | Create | Villager (Male) |
| 10:38 | Research | Castle Age |
| 10:41 | Research | Loom |
| 11:01 | Research | Horse Collar |
| 12:19 | Create | Spearman |
| 12:19 | Create | Spearman |
| 12:40 | Create | Spearman |
| 12:54 | Create | Villager (Male) |
| 13:19 | Age | Castle Age |
| 13:20 | Build | Town Center |
| 13:23 | Research | Bow Saw |
| 13:24 | Create | Villager (Male) |
| 13:29 | Research | Squires |
| 13:49 | Research | Heavy Plow |
| 14:09 | Create | Villager (Male) |
| 14:11 | Create | Villager (Male) |
| 14:21 | Build | House |
| 14:21 | Build | House |
| 14:27 | Create | Villager (Male) |
| 14:33 | Create | Spearman |
| 15:01 | Create | Villager (Male) |
| 15:09 | Create | Villager (Male) |
| 15:11 | Create | Villager (Male) |
| 15:11 | Create | Villager (Male) |
| 15:18 | Research | Wheelbarrow |
| 15:49 | Create | Villager (Male) |
| 15:50 | Create | Villager (Male) |
| 15:50 | Create | Villager (Male) |
| 15:59 | Create | Villager (Male) |
| 15:59 | Create | Villager (Male) |
| 16:06 | Build | Siege Workshop |
| 16:23 | Create | Villager (Male) |
| 16:23 | Create | Villager (Male) |
| 16:30 | Create | Scorpion |
| 16:30 | Create | Scorpion |
| 16:33 | Create | Villager (Male) |
| 16:33 | Create | Villager (Male) |
| 16:41 | Create | Villager (Male) |
| 16:42 | Create | Villager (Male) |
| 16:42 | Create | Villager (Male) |
| 16:54 | Create | Villager (Male) |
| 16:59 | Create | Mangonel |
| 17:49 | Create | Villager (Male) |
| 17:54 | Build | House |
| 17:54 | Build | House |
| 17:58 | Create | Villager (Male) |
| 18:12 | Research | Fletching |
| 18:14 | Create | Villager (Male) |
| 18:23 | Create | Villager (Male) |
| 18:26 | Build | Lumber Camp |
| 18:30 | Create | Huskarl |
| 18:31 | Create | Huskarl |
| 18:31 | Create | Huskarl |
| 18:31 | Create | Huskarl |
| 18:42 | Create | Mangonel |
| 18:42 | Create | Villager (Male) |
| 18:42 | Create | Villager (Male) |
| 18:54 | Create | Villager (Male) |
| 19:04 | Create | Villager (Male) |
| 19:16 | Build | Town Center |
| 19:33 | Create | Villager (Male) |
| 19:36 | Create | Mangonel |
| 19:36 | Create | Villager (Male) |
| 19:51 | Create | Villager (Male) |
| 20:02 | Create | Villager (Male) |
| 20:18 | Create | Villager (Male) |
| 20:30 | Create | Mangonel |
| 20:30 | Create | Villager (Male) |
| 20:39 | Create | Villager (Male) |
| 20:48 | Create | Villager (Male) |
| 21:02 | Create | Villager (Male) |
| 21:02 | Create | Villager (Male) |
| 21:11 | Build | Farm |
| 21:12 | Build | Farm |
| 21:15 | Build | Farm |
| 21:24 | Create | Mangonel |
| 21:24 | Create | Villager (Male) |
| 21:26 | Create | Villager (Male) |
| 21:26 | Create | Villager (Male) |
| 21:44 | Create | Villager (Male) |
| 21:44 | Create | Villager (Male) |
| 21:46 | Build | Farm |
| 21:46 | Build | Farm |
| 21:47 | Build | Farm |
| 21:47 | Build | Farm |
| 21:47 | Build | Farm |
| 21:47 | Build | Farm |
| 21:48 | Build | Farm |
| 21:48 | Build | Farm |
| 21:48 | Build | Farm |
| 22:09 | Build | Farm |
| 22:09 | Build | Farm |
| 22:10 | Create | Villager (Male) |
| 22:24 | Create | Scorpion |
| 22:24 | Create | Scorpion |
| 22:42 | Create | Villager (Male) |
| 22:46 | Build | Barracks |
| 22:46 | Build | House |
| 22:48 | Build | House |
| 22:51 | Build | House |
| 22:59 | Build | House |
| 23:00 | Build | House |
Build order — Titi
First 150 of 340 actions detected
| 0:01 | Create | Villager (Male) |
| 0:08 | Build | Lumber Camp |
| 0:13 | Create | Villager (Male) |
| 0:13 | Create | Villager (Male) |
| 0:14 | Create | Villager (Male) |
| 0:39 | Build | Mill |
| 1:30 | Create | Villager (Male) |
| 1:30 | Create | Villager (Male) |
| 1:33 | Create | Villager (Male) |
| 2:19 | Create | Villager (Male) |
| 2:25 | Create | Villager (Male) |
| 2:27 | Create | Villager (Male) |
| 2:28 | Create | Villager (Male) |
| 3:32 | Build | Farm |
| 3:42 | Build | Farm |
| 3:48 | Build | Farm |
| 3:52 | Build | Farm |
| 3:59 | Create | Villager (Male) |
| 3:59 | Create | Villager (Male) |
| 4:01 | Create | Villager (Male) |
| 4:08 | Create | Villager (Male) |
| 4:09 | Create | Villager (Male) |
| 4:15 | Create | Villager (Male) |
| 4:16 | Create | Villager (Male) |
| 4:16 | Create | Villager (Male) |
| 4:18 | Create | Villager (Male) |
| 4:44 | Create | Villager (Male) |
| 4:47 | Create | Villager (Male) |
| 5:05 | Build | Farm |
| 5:38 | Build | Farm |
| 6:32 | Create | Villager (Male) |
| 6:32 | Create | Villager (Male) |
| 6:33 | Research | Feudal Age |
| 7:35 | Build | Mining Camp |
| 8:49 | Build | Farm |
| 8:49 | Build | Farm |
| 8:49 | Build | Farm |
| 9:00 | Create | Villager (Male) |
| 9:00 | Create | Villager (Male) |
| 10:56 | Age | Feudal Age |
| 10:58 | Build | Market |
| 11:02 | Build | Blacksmith |
| 11:44 | Research | Castle Age |
| 11:44 | Research | Castle Age |
| 11:46 | Research | Padded Archer Armor |
| 11:53 | Research | Double-Bit Axe |
| 11:56 | Research | Gold Mining |
| 12:06 | Build | Farm |
| 13:10 | Research | Horse Collar |
| 14:26 | Age | Castle Age |
| 14:27 | Research | Imperial Age |
| 14:38 | Build | Siege Workshop |
| 14:39 | Create | Janissary |
| 14:40 | Create | Janissary |
| 14:55 | Create | Villager (Male) |
| 14:59 | Create | Janissary |
| 15:25 | Create | Janissary |
| 15:32 | Build | Lumber Camp |
| 15:34 | Create | Janissary |
| 15:40 | Create | Janissary |
| 15:44 | Build | Farm |
| 16:06 | Create | Janissary |
| 16:12 | Research | Bow Saw |
| 16:33 | Create | Janissary |
| 16:55 | Create | Janissary |
| 17:06 | Create | Janissary |
| 17:15 | Create | Villager (Male) |
| 17:37 | Age | Imperial Age |
| 17:38 | Create | Bombard Cannon |
| 17:41 | Create | Trebuchet (Packed) |
| 17:46 | Create | Janissary |
| 17:57 | Build | House |
| 17:58 | Build | House |
| 18:03 | Create | Villager (Male) |
| 18:05 | Research | Loom |
| 18:08 | Create | Janissary |
| 18:30 | Create | Bombard Cannon |
| 18:36 | Create | Villager (Male) |
| 18:48 | Build | House |
| 18:50 | Build | House |
| 18:50 | Build | House |
| 18:50 | Build | House |
| 18:50 | Build | House |
| 18:52 | Create | Janissary |
| 18:55 | Create | Janissary |
| 19:15 | Create | Janissary |
| 19:18 | Create | Villager (Male) |
| 19:39 | Create | Janissary |
| 19:49 | Create | Villager (Male) |
| 19:55 | Create | Bombard Cannon |
| 19:55 | Create | Bombard Cannon |
| 20:14 | Create | Janissary |
| 20:16 | Create | Villager (Male) |
| 20:26 | Build | House |
| 20:27 | Build | House |
| 20:34 | Create | Janissary |
| 20:42 | Create | Janissary |
| 20:58 | Create | Janissary |
| 21:01 | Create | Villager (Male) |
| 21:09 | Build | Farm |
| 21:10 | Build | Farm |
| 21:14 | Build | Farm |
| 21:21 | Create | Janissary |
| 21:25 | Create | Villager (Male) |
| 21:26 | Create | Villager (Male) |
| 21:32 | Build | House |
| 21:32 | Build | House |
| 21:39 | Build | Farm |
| 21:46 | Create | Villager (Male) |
| 21:54 | Create | Janissary |
| 21:54 | Create | Janissary |
| 22:18 | Build | Farm |
| 22:20 | Create | Villager (Male) |
| 22:24 | Build | Farm |
| 22:25 | Create | Janissary |
| 23:00 | Create | Janissary |
| 23:00 | Create | Janissary |
| 23:07 | Create | Janissary |
| 23:24 | Create | Janissary |
| 23:37 | Create | Janissary |
| 23:37 | Create | Janissary |
| 23:50 | Create | Janissary |
| 23:50 | Create | Janissary |
| 23:58 | Research | Wheelbarrow |
| 24:17 | Create | Janissary |
| 24:26 | Create | Bombard Cannon |
| 24:39 | Create | Villager (Male) |
| 24:53 | Create | Janissary |
| 25:00 | Research | Leather Archer Armor |
| 25:04 | Create | Janissary |
| 25:05 | Create | Bombard Cannon |
| 25:18 | Build | Siege Workshop |
| 25:26 | Create | Janissary |
| 25:31 | Create | Janissary |
| 25:45 | Create | Bombard Cannon |
| 25:47 | Create | Villager (Male) |
| 26:02 | Create | Janissary |
| 26:07 | Create | Janissary |
| 26:12 | Create | Villager (Male) |
| 26:16 | Create | Villager (Male) |
| 26:27 | Create | Janissary |
| 26:29 | Create | Villager (Male) |
| 26:38 | Build | Farm |
| 26:39 | Build | Farm |
| 26:50 | Create | Janissary |
| 26:53 | Create | Bombard Cannon |
| 27:13 | Create | Janissary |
| 27:13 | Create | Janissary |
| 27:16 | Create | Villager (Male) |
| 27:22 | Build | Farm |
Build order — stroemming14
First 150 of 763 actions detected
| 0:01 | Create | Villager (Male) |
| 0:02 | Create | Villager (Male) |
| 0:08 | Build | Lumber Camp |
| 0:09 | Create | Villager (Male) |
| 0:17 | Build | Mill |
| 0:20 | Create | Villager (Male) |
| 1:09 | Create | Villager (Male) |
| 2:01 | Create | Villager (Male) |
| 2:27 | Create | Villager (Male) |
| 2:49 | Create | Villager (Male) |
| 3:13 | Create | Villager (Male) |
| 3:24 | Create | Villager (Male) |
| 3:42 | Create | Villager (Male) |
| 3:54 | Create | Villager (Male) |
| 4:33 | Build | Farm |
| 4:36 | Create | Villager (Male) |
| 5:09 | Build | Mining Camp |
| 5:18 | Research | Feudal Age |
| 7:36 | Age | Feudal Age |
| 7:39 | Build | Market |
| 7:41 | Build | Blacksmith |
| 7:42 | Create | Villager (Male) |
| 7:42 | Create | Villager (Male) |
| 8:49 | Research | Castle Age |
| 9:23 | Build | Lumber Camp |
| 9:27 | Research | Double-Bit Axe |
| 9:28 | Research | Horse Collar |
| 11:10 | Create | Villager (Male) |
| 11:28 | Create | Villager (Male) |
| 11:29 | Age | Castle Age |
| 11:31 | Build | Town Center |
| 11:35 | Build | Town Center |
| 11:35 | Create | Villager (Male) |
| 11:37 | Research | Bow Saw |
| 11:38 | Research | Bow Saw |
| 11:56 | Build | Farm |
| 12:22 | Build | Farm |
| 12:33 | Build | Barracks |
| 12:42 | Build | House |
| 12:47 | Create | Villager (Male) |
| 12:54 | Build | Farm |
| 12:55 | Create | Villager (Male) |
| 13:14 | Create | Villager (Male) |
| 13:14 | Create | Villager (Male) |
| 13:15 | Create | Villager (Male) |
| 13:33 | Build | Farm |
| 13:34 | Build | Farm |
| 13:43 | Create | Villager (Male) |
| 13:48 | Build | Archery Range |
| 13:57 | Build | Farm |
| 13:59 | Build | Farm |
| 14:00 | Create | Villager (Male) |
| 14:00 | Create | Villager (Male) |
| 14:13 | Create | Villager (Male) |
| 14:13 | Create | Villager (Male) |
| 14:13 | Create | Villager (Male) |
| 14:23 | Create | Villager (Male) |
| 14:29 | Create | Villager (Male) |
| 14:46 | Create | Unit 1911 |
| 15:04 | Create | Villager (Male) |
| 15:04 | Create | Villager (Male) |
| 15:08 | Build | Farm |
| 15:09 | Build | Farm |
| 15:09 | Build | Farm |
| 15:09 | Build | Farm |
| 15:12 | Create | Unit 1911 |
| 15:23 | Create | Villager (Male) |
| 15:24 | Create | Villager (Male) |
| 15:39 | Create | Unit 1911 |
| 15:40 | Create | Unit 1911 |
| 15:50 | Create | Petard |
| 15:53 | Build | Farm |
| 15:55 | Build | Farm |
| 15:57 | Create | Villager (Male) |
| 15:58 | Create | Villager (Male) |
| 16:18 | Create | Villager (Male) |
| 16:18 | Create | Villager (Male) |
| 16:25 | Build | Farm |
| 16:26 | Build | Farm |
| 16:28 | Build | Farm |
| 16:29 | Create | Villager (Male) |
| 16:30 | Create | Unit 1911 |
| 16:30 | Create | Unit 1911 |
| 16:39 | Create | Villager (Male) |
| 16:43 | Build | Archery Range |
| 16:50 | Build | Farm |
| 16:50 | Build | Farm |
| 16:53 | Build | Farm |
| 16:54 | Build | Farm |
| 16:57 | Create | Unit 1911 |
| 17:01 | Create | Villager (Male) |
| 17:01 | Create | Villager (Male) |
| 17:03 | Create | Villager (Male) |
| 17:22 | Research | Padded Archer Armor |
| 17:36 | Build | Farm |
| 17:38 | Create | Unit 1911 |
| 17:38 | Create | Unit 1911 |
| 17:42 | Create | Villager (Male) |
| 17:42 | Create | Villager (Male) |
| 17:48 | Create | Unit 1911 |
| 17:51 | Create | Villager (Male) |
| 17:55 | Build | House |
| 18:01 | Research | Loom |
| 18:02 | Research | Town Watch |
| 18:07 | Create | Unit 1911 |
| 18:13 | Create | Unit 1911 |
| 18:25 | Create | Unit 1911 |
| 18:25 | Create | Unit 1911 |
| 18:29 | Create | Villager (Male) |
| 18:30 | Build | House |
| 18:32 | Build | House |
| 18:52 | Create | Unit 1911 |
| 18:52 | Create | Unit 1911 |
| 18:56 | Create | Villager (Male) |
| 18:56 | Create | Villager (Male) |
| 18:57 | Create | Villager (Male) |
| 18:59 | Create | Villager (Male) |
| 19:09 | Create | Unit 1911 |
| 19:09 | Create | Unit 1911 |
| 19:23 | Create | Villager (Male) |
| 19:23 | Create | Villager (Male) |
| 19:24 | Create | Villager (Male) |
| 19:27 | Build | Farm |
| 19:27 | Build | Farm |
| 19:28 | Build | Farm |
| 19:28 | Build | Farm |
| 19:28 | Build | Farm |
| 19:49 | Create | Villager (Male) |
| 19:49 | Create | Villager (Male) |
| 19:49 | Create | Villager (Male) |
| 19:50 | Create | Villager (Male) |
| 19:50 | Create | Villager (Male) |
| 20:01 | Create | Unit 1911 |
| 20:01 | Create | Unit 1911 |
| 20:01 | Create | Unit 1911 |
| 20:02 | Create | Unit 1911 |
| 20:04 | Create | Villager (Male) |
| 20:09 | Build | Farm |
| 20:09 | Build | Farm |
| 20:09 | Build | Farm |
| 20:26 | Create | Unit 1911 |
| 20:26 | Create | Unit 1911 |
| 20:28 | Create | Villager (Male) |
| 20:28 | Create | Villager (Male) |
| 20:29 | Create | Villager (Male) |
| 20:33 | Build | Farm |
| 20:34 | Build | Mill |
| 20:35 | Create | Villager (Male) |
| 20:35 | Create | Villager (Male) |
| 20:35 | Create | Villager (Male) |
Build order — ITA | GiaggiaZena
First 150 of 639 actions detected
| 0:02 | Create | Villager (Male) |
| 0:02 | Create | Villager (Male) |
| 0:08 | Build | Lumber Camp |
| 0:09 | Create | Villager (Male) |
| 0:10 | Create | Villager (Male) |
| 0:44 | Build | Mill |
| 1:06 | Create | Villager (Male) |
| 1:06 | Create | Villager (Male) |
| 1:52 | Create | Villager (Male) |
| 1:52 | Create | Villager (Male) |
| 2:14 | Create | Villager (Male) |
| 2:14 | Create | Villager (Male) |
| 2:45 | Create | Villager (Male) |
| 2:45 | Create | Villager (Male) |
| 3:12 | Create | Villager (Male) |
| 3:37 | Create | Villager (Male) |
| 4:06 | Create | Villager (Male) |
| 4:35 | Research | Feudal Age |
| 4:46 | Build | Mining Camp |
| 5:06 | Create | Villager (Male) |
| 5:06 | Create | Villager (Male) |
| 5:15 | Build | Farm |
| 5:47 | Build | Farm |
| 6:29 | Create | Villager (Male) |
| 6:47 | Age | Feudal Age |
| 6:51 | Build | Market |
| 6:54 | Build | Blacksmith |
| 7:43 | Research | Castle Age |
| 8:01 | Build | Lumber Camp |
| 8:13 | Research | Double-Bit Axe |
| 8:35 | Research | Horse Collar |
| 10:13 | Create | Villager (Male) |
| 10:23 | Age | Castle Age |
| 10:26 | Build | Town Center |
| 10:29 | Create | Villager (Male) |
| 10:47 | Build | Town Center |
| 10:53 | Create | Villager (Male) |
| 11:06 | Build | Farm |
| 11:07 | Create | Villager (Male) |
| 11:28 | Build | Farm |
| 11:30 | Create | Villager (Male) |
| 11:37 | Create | Villager (Male) |
| 11:40 | Build | Farm |
| 11:42 | Create | Villager (Male) |
| 11:57 | Create | Villager (Male) |
| 11:59 | Build | Farm |
| 12:00 | Create | Villager (Male) |
| 12:01 | Create | Villager (Male) |
| 12:01 | Create | Villager (Male) |
| 12:01 | Create | Villager (Male) |
| 12:11 | Build | Farm |
| 12:18 | Create | Villager (Male) |
| 12:26 | Create | Villager (Male) |
| 12:26 | Create | Villager (Male) |
| 12:30 | Build | Farm |
| 12:43 | Build | Farm |
| 12:45 | Create | Villager (Male) |
| 12:54 | Build | House |
| 12:57 | Build | House |
| 13:00 | Create | Villager (Male) |
| 13:00 | Create | Villager (Male) |
| 13:04 | Build | Farm |
| 13:05 | Build | Farm |
| 13:05 | Build | Farm |
| 13:18 | Create | Villager (Male) |
| 13:18 | Create | Villager (Male) |
| 13:27 | Build | Farm |
| 13:28 | Build | Farm |
| 13:29 | Create | Villager (Male) |
| 13:30 | Create | Villager (Male) |
| 13:33 | Build | Farm |
| 13:38 | Build | Farm |
| 13:46 | Build | Farm |
| 13:47 | Create | Villager (Male) |
| 13:48 | Create | Villager (Male) |
| 13:52 | Build | Farm |
| 13:58 | Build | House |
| 14:00 | Create | Villager (Male) |
| 14:00 | Create | Villager (Male) |
| 14:08 | Research | Bow Saw |
| 14:20 | Build | Barracks |
| 14:28 | Create | Villager (Male) |
| 14:29 | Create | Villager (Male) |
| 14:34 | Build | House |
| 14:37 | Create | Villager (Male) |
| 14:37 | Create | Villager (Male) |
| 14:45 | Build | Farm |
| 14:47 | Build | Farm |
| 14:49 | Create | Villager (Male) |
| 14:50 | Create | Villager (Male) |
| 14:56 | Build | House |
| 15:02 | Build | Farm |
| 15:03 | Build | Farm |
| 15:03 | Build | Farm |
| 15:06 | Create | Villager (Male) |
| 15:06 | Create | Villager (Male) |
| 15:06 | Create | Villager (Male) |
| 15:09 | Create | Villager (Male) |
| 15:09 | Create | Villager (Male) |
| 15:15 | Create | Villager (Male) |
| 15:15 | Create | Villager (Male) |
| 15:29 | Build | Archery Range |
| 15:31 | Create | Villager (Male) |
| 15:31 | Create | Villager (Male) |
| 15:35 | Build | Farm |
| 15:39 | Build | Farm |
| 15:43 | Create | Villager (Male) |
| 15:43 | Create | Villager (Male) |
| 15:43 | Create | Villager (Male) |
| 15:49 | Build | House |
| 15:57 | Build | Farm |
| 15:58 | Create | Villager (Male) |
| 15:58 | Create | Villager (Male) |
| 15:58 | Create | Villager (Male) |
| 16:07 | Build | House |
| 16:08 | Create | Villager (Male) |
| 16:08 | Create | Villager (Male) |
| 16:09 | Create | Villager (Male) |
| 16:17 | Build | Mill |
| 16:18 | Build | Farm |
| 16:19 | Build | Farm |
| 16:19 | Build | Farm |
| 16:19 | Build | Farm |
| 16:20 | Build | Farm |
| 16:25 | Create | Villager (Male) |
| 16:26 | Create | Villager (Male) |
| 16:32 | Create | Villager (Male) |
| 16:33 | Create | Villager (Male) |
| 16:37 | Build | House |
| 16:51 | Create | Villager (Male) |
| 16:51 | Create | Villager (Male) |
| 16:52 | Create | Villager (Male) |
| 16:52 | Create | Villager (Male) |
| 16:55 | Build | House |
| 17:00 | Create | Villager (Male) |
| 17:00 | Create | Villager (Male) |
| 17:05 | Build | Farm |
| 17:07 | Build | Farm |
| 17:09 | Create | Villager (Male) |
| 17:09 | Create | Villager (Male) |
| 17:16 | Create | Archer |
| 17:17 | Create | Archer |
| 17:17 | Create | Archer |
| 17:23 | Build | Archery Range |
| 17:29 | Research | Fletching |
| 17:36 | Build | Lumber Camp |
| 17:42 | Create | Villager (Male) |
| 17:42 | Create | Villager (Male) |
| 17:47 | Create | Archer |
| 17:52 | Build | Archery Range |
Build order — 76561198442580508
First 150 of 832 actions detected
| 0:00 | Create | Villager (Male) |
| 0:01 | Create | Villager (Male) |
| 0:01 | Create | Villager (Male) |
| 0:09 | Create | Villager (Male) |
| 0:09 | Create | Villager (Male) |
| 0:21 | Build | Lumber Camp |
| 0:58 | Create | Villager (Male) |
| 0:58 | Create | Villager (Male) |
| 1:32 | Create | Villager (Male) |
| 1:44 | Build | Mill |
| 2:26 | Create | Villager (Male) |
| 2:26 | Create | Villager (Male) |
| 2:29 | Create | Villager (Male) |
| 2:29 | Create | Villager (Male) |
| 2:42 | Create | Villager (Male) |
| 2:42 | Create | Villager (Male) |
| 3:20 | Create | Villager (Male) |
| 3:20 | Create | Villager (Male) |
| 3:41 | Create | Villager (Male) |
| 3:41 | Create | Villager (Male) |
| 4:23 | Create | Villager (Male) |
| 4:23 | Create | Villager (Male) |
| 4:38 | Build | Farm |
| 4:39 | Build | Farm |
| 4:39 | Build | Farm |
| 4:46 | Create | Villager (Male) |
| 4:47 | Create | Villager (Male) |
| 4:47 | Create | Villager (Male) |
| 4:47 | Create | Villager (Male) |
| 4:48 | Create | Villager (Male) |
| 4:51 | Create | Villager (Male) |
| 4:56 | Create | Villager (Male) |
| 5:35 | Create | Villager (Male) |
| 5:35 | Create | Villager (Male) |
| 5:53 | Research | Feudal Age |
| 5:59 | Build | Mining Camp |
| 6:17 | Create | Villager (Male) |
| 6:21 | Create | Villager (Male) |
| 6:34 | Create | Villager (Male) |
| 6:34 | Create | Villager (Male) |
| 6:34 | Create | Villager (Male) |
| 6:37 | Create | Villager (Male) |
| 6:37 | Create | Villager (Male) |
| 7:18 | Create | Villager (Male) |
| 7:18 | Create | Villager (Male) |
| 8:03 | Age | Feudal Age |
| 8:04 | Build | Market |
| 8:07 | Build | Blacksmith |
| 8:49 | Research | Castle Age |
| 8:49 | Research | Castle Age |
| 9:11 | Research | Gold Mining |
| 9:17 | Research | Double-Bit Axe |
| 9:17 | Research | Double-Bit Axe |
| 9:41 | Research | Gold Mining |
| 10:00 | Research | Scale Mail Armor |
| 10:00 | Research | Scale Mail Armor |
| 10:15 | Create | Villager (Male) |
| 10:16 | Create | Villager (Male) |
| 10:23 | Create | Villager (Male) |
| 10:23 | Create | Villager (Male) |
| 10:24 | Create | Villager (Male) |
| 10:28 | Create | Villager (Male) |
| 10:28 | Create | Villager (Male) |
| 10:28 | Create | Villager (Male) |
| 10:36 | Create | Villager (Male) |
| 10:37 | Create | Villager (Male) |
| 11:33 | Age | Castle Age |
| 11:34 | Create | Villager (Male) |
| 11:36 | Create | Gbeto |
| 11:36 | Create | Gbeto |
| 11:36 | Create | Gbeto |
| 11:37 | Create | Gbeto |
| 11:37 | Create | Gbeto |
| 12:00 | Build | Town Center |
| 12:10 | Build | Farm |
| 12:12 | Build | Farm |
| 12:13 | Build | Farm |
| 12:14 | Build | Farm |
| 12:16 | Create | Villager (Male) |
| 12:16 | Create | Villager (Male) |
| 12:16 | Create | Villager (Male) |
| 12:18 | Create | Gbeto |
| 12:19 | Create | Gbeto |
| 12:19 | Create | Gbeto |
| 12:19 | Create | Gbeto |
| 12:22 | Create | Gbeto |
| 12:30 | Build | Farm |
| 12:35 | Create | Villager (Male) |
| 12:35 | Create | Villager (Male) |
| 12:43 | Build | Farm |
| 13:03 | Create | Villager (Male) |
| 13:03 | Create | Villager (Male) |
| 13:25 | Build | Farm |
| 13:26 | Create | Villager (Male) |
| 13:26 | Create | Villager (Male) |
| 13:44 | Create | Villager (Male) |
| 13:49 | Build | Farm |
| 13:52 | Build | Farm |
| 13:57 | Create | Gbeto |
| 14:06 | Build | Farm |
| 14:19 | Create | Villager (Male) |
| 14:19 | Create | Villager (Male) |
| 14:25 | Create | Villager (Male) |
| 14:25 | Create | Villager (Male) |
| 14:38 | Build | Farm |
| 14:41 | Create | Villager (Male) |
| 14:42 | Create | Villager (Male) |
| 14:51 | Build | Farm |
| 14:52 | Create | Villager (Male) |
| 14:52 | Create | Villager (Male) |
| 15:08 | Create | Villager (Male) |
| 15:09 | Create | Villager (Male) |
| 15:09 | Create | Villager (Male) |
| 15:12 | Build | Farm |
| 15:21 | Create | Villager (Male) |
| 15:21 | Create | Villager (Male) |
| 15:25 | Create | Villager (Male) |
| 15:28 | Build | House |
| 15:30 | Build | House |
| 15:32 | Build | House |
| 15:53 | Create | Villager (Male) |
| 15:54 | Create | Villager (Male) |
| 15:59 | Create | Gbeto |
| 16:00 | Create | Gbeto |
| 16:06 | Create | Gbeto |
| 16:16 | Create | Villager (Male) |
| 16:17 | Create | Villager (Male) |
| 16:25 | Research | Forging |
| 16:34 | Create | Gbeto |
| 16:34 | Create | Gbeto |
| 16:38 | Build | Farm |
| 16:43 | Build | House |
| 16:44 | Build | House |
| 16:45 | Build | House |
| 16:48 | Create | Villager (Male) |
| 16:48 | Create | Villager (Male) |
| 16:53 | Create | Villager (Male) |
| 16:53 | Create | Villager (Male) |
| 17:00 | Build | Farm |
| 17:01 | Build | Farm |
| 17:01 | Build | Farm |
| 17:01 | Build | Farm |
| 17:02 | Build | Farm |
| 17:02 | Build | Farm |
| 17:02 | Build | Farm |
| 17:03 | Create | Villager (Male) |
| 17:04 | Create | Villager (Male) |
| 17:35 | Create | Gbeto |
| 17:36 | Create | Gbeto |
| 17:36 | Create | Gbeto |
Build order — ITA | CivettaLeotta
First 150 of 624 actions detected
| 0:01 | Create | Villager (Male) |
| 0:01 | Create | Villager (Male) |
| 0:01 | Create | Villager (Male) |
| 0:01 | Create | Villager (Male) |
| 0:08 | Build | Mill |
| 0:15 | Build | Lumber Camp |
| 1:05 | Create | Villager (Male) |
| 1:05 | Create | Villager (Male) |
| 1:31 | Create | Villager (Male) |
| 2:12 | Create | Villager (Male) |
| 2:40 | Create | Villager (Male) |
| 2:40 | Create | Villager (Male) |
| 2:55 | Create | Villager (Male) |
| 2:55 | Create | Villager (Male) |
| 2:55 | Create | Villager (Male) |
| 2:55 | Create | Villager (Male) |
| 3:10 | Create | Villager (Male) |
| 3:11 | Create | Villager (Male) |
| 3:26 | Create | Villager (Male) |
| 3:26 | Create | Villager (Male) |
| 4:05 | Build | Lumber Camp |
| 4:31 | Build | Farm |
| 4:35 | Build | Farm |
| 4:44 | Build | Farm |
| 4:45 | Create | Villager (Male) |
| 5:05 | Build | Farm |
| 5:28 | Create | Villager (Male) |
| 5:29 | Research | Feudal Age |
| 6:17 | Build | Mining Camp |
| 8:21 | Create | Villager (Male) |
| 8:26 | Age | Feudal Age |
| 8:31 | Build | Market |
| 8:35 | Build | Stable |
| 8:45 | Create | Villager (Male) |
| 9:00 | Research | Double-Bit Axe |
| 9:29 | Research | Castle Age |
| 9:29 | Research | Castle Age |
| 9:35 | Build | Farm |
| 9:37 | Build | Farm |
| 9:45 | Research | Horse Collar |
| 10:02 | Create | Scout Cavalry |
| 10:02 | Create | Scout Cavalry |
| 10:06 | Create | Scout Cavalry |
| 10:07 | Create | Scout Cavalry |
| 10:12 | Build | Farm |
| 10:47 | Create | Scout Cavalry |
| 10:51 | Create | Villager (Male) |
| 11:25 | Build | Stone Wall |
| 11:28 | Build | Stone Wall |
| 12:02 | Create | Villager (Male) |
| 12:05 | Build | Farm |
| 12:06 | Build | Farm |
| 12:06 | Build | Farm |
| 12:06 | Build | Farm |
| 12:06 | Build | Farm |
| 12:06 | Build | Farm |
| 12:07 | Build | Farm |
| 12:09 | Age | Castle Age |
| 12:17 | Create | Scout Cavalry |
| 12:20 | Research | Light Cavalry (upgrade) |
| 12:24 | Create | Villager (Male) |
| 12:28 | Build | Blacksmith |
| 12:37 | Build | Monastery |
| 12:56 | Create | Villager (Male) |
| 13:07 | Create | Villager (Male) |
| 13:14 | Create | Monk |
| 13:15 | Create | Monk |
| 13:17 | Create | Villager (Male) |
| 13:38 | Create | Villager (Male) |
| 13:51 | Create | Villager (Male) |
| 14:01 | Research | Bow Saw |
| 14:49 | Build | Gate |
| 15:04 | Create | Villager (Male) |
| 15:05 | Create | Villager (Male) |
| 15:40 | Create | Villager (Male) |
| 15:40 | Create | Villager (Male) |
| 16:34 | Create | Villager (Male) |
| 16:34 | Create | Villager (Male) |
| 16:37 | Create | Villager (Male) |
| 16:43 | Create | Monk |
| 16:48 | Create | Villager (Male) |
| 16:49 | Create | Villager (Male) |
| 16:53 | Build | House |
| 16:54 | Build | House |
| 16:58 | Build | House |
| 16:58 | Build | House |
| 17:00 | Build | House |
| 17:01 | Create | Villager (Male) |
| 17:02 | Create | Villager (Male) |
| 17:22 | Build | Stable |
| 17:31 | Build | Stable |
| 17:36 | Research | Bloodlines |
| 17:38 | Research | Scale Barding Armor |
| 17:42 | Create | Villager (Male) |
| 17:43 | Create | Villager (Male) |
| 18:11 | Build | House |
| 18:12 | Create | Villager (Male) |
| 18:12 | Create | Villager (Male) |
| 18:20 | Build | Town Center |
| 18:24 | Create | Villager (Male) |
| 18:24 | Create | Villager (Male) |
| 18:31 | Build | Farm |
| 18:32 | Build | Farm |
| 18:32 | Build | Farm |
| 18:32 | Build | Farm |
| 18:32 | Build | Farm |
| 18:33 | Build | Farm |
| 18:39 | Build | House |
| 18:42 | Build | House |
| 19:07 | Create | Villager (Male) |
| 19:07 | Create | Villager (Male) |
| 19:24 | Create | Villager (Male) |
| 19:25 | Create | Villager (Male) |
| 19:27 | Create | Steppe Lancer |
| 19:27 | Create | Steppe Lancer |
| 19:31 | Build | House |
| 19:32 | Build | House |
| 19:33 | Create | Villager (Male) |
| 19:33 | Create | Villager (Male) |
| 19:49 | Research | Chain Barding Armor |
| 19:52 | Create | Scout Cavalry |
| 19:52 | Create | Scout Cavalry |
| 19:59 | Create | Steppe Lancer |
| 19:59 | Create | Steppe Lancer |
| 19:59 | Create | Steppe Lancer |
| 20:00 | Create | Steppe Lancer |
| 20:01 | Create | Scout Cavalry |
| 20:01 | Create | Scout Cavalry |
| 20:07 | Create | Villager (Male) |
| 20:10 | Build | Farm |
| 20:10 | Build | Farm |
| 20:10 | Build | Farm |
| 20:10 | Build | Farm |
| 20:10 | Build | Farm |
| 20:25 | Create | Villager (Male) |
| 20:28 | Research | Loom |
| 20:29 | Create | Villager (Male) |
| 20:30 | Create | Villager (Male) |
| 20:43 | Build | Town Center |
| 20:48 | Create | Villager (Male) |
| 20:48 | Create | Villager (Male) |
| 20:52 | Create | Scout Cavalry |
| 20:52 | Create | Scout Cavalry |
| 21:04 | Create | Villager (Male) |
| 21:05 | Create | Villager (Male) |
| 21:23 | Create | Steppe Lancer |
| 21:23 | Create | Steppe Lancer |
| 21:33 | Create | Villager (Male) |
| 21:33 | Create | Villager (Male) |
| 21:41 | Create | Villager (Male) |
Match timeline
| 6:47 | ITA | GiaggiaZena · age_up feudal |
| 7:12 | ITA | tonypolik · age_up feudal |
| 7:36 | stroemming14 · age_up feudal |
| 8:02 | ITA | Dante · age_up feudal |
| 8:03 | 76561198442580508 · age_up feudal |
| 8:26 | ITA | CivettaLeotta · age_up feudal |
| 8:30 | 超可愛小海豹 · age_up feudal |
| 8:35 | ITA | CivettaLeotta · first_building Stable |
| 8:44 | 76561198442580508 · first_market_sell 100 wood |
| 8:45 | 76561198442580508 · first_market_buy 100 food |
| 8:48 | stroemming14 · first_market_sell 100 wood |
| 9:04 | 超可愛小海豹 · wall_segment Stone Wall x9 |
| 10:23 | ITA | GiaggiaZena · age_up castle |
| 10:30 | 超可愛小海豹 · wall_segment Stone Wall x14 |
| 10:56 | Titi · age_up feudal |
| 11:25 | ITA | CivettaLeotta · wall_segment Stone Wall x11 |
| 11:28 | ITA | CivettaLeotta · wall_segment Stone Wall x20 |
| 11:29 | stroemming14 · age_up castle |
| 11:32 | ITA | Dante · age_up castle |
| 11:33 | 76561198442580508 · age_up castle |
| 12:09 | ITA | CivettaLeotta · age_up castle |
| 12:33 | stroemming14 · first_building Barracks |
| 12:37 | ITA | CivettaLeotta · first_building Monastery |
| 13:01 | 超可愛小海豹 · first_building Stable |
| 13:19 | ITA | tonypolik · age_up castle |
| 13:29 | ITA | Dante · first_market_buy 100 wood |
| 13:44 | 超可愛小海豹 · wall_segment Stone Wall x29 |
| 13:44 | ITA | tonypolik · first_market_sell 100 food |
| 13:45 | ITA | tonypolik · first_market_buy 100 wood |
| 13:48 | stroemming14 · first_building Archery Range |
| 14:05 | ITA | GiaggiaZena · first_market_buy 100 wood |
| 14:12 | stroemming14 · first_market_buy 100 food |
| 14:20 | ITA | GiaggiaZena · first_building Barracks |
| 14:26 | Titi · age_up castle |
| 14:38 | Titi · first_building Siege Workshop |
| 15:10 | ITA | CivettaLeotta · first_market_sell 100 food |
| 15:12 | ITA | CivettaLeotta · first_market_buy 100 stone |
| 15:29 | ITA | GiaggiaZena · first_building Archery Range |
| 16:06 | ITA | tonypolik · first_building Siege Workshop |
| 16:43 | Titi · first_market_sell 100 stone |
| 16:46 | Titi · first_market_buy 100 wood |
| 16:54 | 超可愛小海豹 · age_up castle |
| 16:55 | ITA | Dante · first_building Stable |
| 17:37 | Titi · age_up imperial |
| 17:46 | 超可愛小海豹 · wall_segment Stone Wall x5 |
| 19:30 | ITA | Dante · first_market_sell 500 stone |
| 19:58 | 超可愛小海豹 · wall_segment Stone Wall x12 |
| 20:15 | ITA | GiaggiaZena · first_market_sell 100 wood |
| 20:52 | stroemming14 · wall_segment Stone Wall x19 |
| 22:46 | ITA | tonypolik · first_building Barracks |
| 22:50 | 76561198442580508 · first_building Barracks |
| 23:10 | stroemming14 · wall_segment Stone Wall x8 |
| 23:19 | 超可愛小海豹 · wall_segment Stone Wall x5 |
| 23:41 | 76561198442580508 · first_building Stable |
| 25:03 | ITA | Dante · wall_segment Stone Wall x20 |
| 25:13 | ITA | Dante · wall_segment Stone Wall x17 |
| 25:17 | ITA | Dante · wall_segment Stone Wall x25 |
| 26:03 | ITA | GiaggiaZena · wall_segment Stone Wall x15 |
| 26:23 | ITA | GiaggiaZena · first_building Castle |
| 26:40 | ITA | Dante · first_building Castle |
| 27:07 | stroemming14 · first_building Castle |
| 27:43 | ITA | Dante · first_building Archery Range |
| 28:23 | stroemming14 · age_up imperial |
| 28:28 | ITA | GiaggiaZena · wall_segment Stone Wall x25 |
| 28:49 | ITA | Dante · first_building Siege Workshop |
| 29:17 | 76561198442580508 · age_up imperial |
| 29:34 | 超可愛小海豹 · wall_segment Stone Wall x21 |
| 29:46 | ITA | Dante · age_up imperial |
| 31:02 | ITA | tonypolik · age_up imperial |
| 31:20 | ITA | GiaggiaZena · age_up imperial |
| 31:36 | stroemming14 · first_building Monastery |
| 32:07 | 超可愛小海豹 · first_market_buy 500 food |
| 32:44 | ITA | GiaggiaZena · first_building Siege Workshop |
| 35:21 | 超可愛小海豹 · age_up imperial |
| 36:43 | 超可愛小海豹 · first_building Castle |
| 37:16 | ITA | CivettaLeotta · age_up imperial |
| 37:27 | ITA | tonypolik · first_building Castle |
| 37:40 | 超可愛小海豹 · first_market_sell 500 wood |
| 38:39 | 76561198442580508 · tribute_sent a jugador 1 |
| 38:39 | 76561198442580508 · tribute_sent a jugador 2 |
| 38:39 | 76561198442580508 · tribute_sent a jugador 3 |
| 38:39 | 76561198442580508 · tribute_sent a jugador 4 |
| 38:39 | 76561198442580508 · tribute_sent a jugador 5 |
| 38:39 | 76561198442580508 · tribute_sent a jugador 6 |
| 38:39 | 76561198442580508 · tribute_sent a jugador 8 |
| 39:46 | 76561198442580508 · tribute_sent a jugador 1 |
| 39:46 | 76561198442580508 · tribute_sent a jugador 2 |
| 39:46 | 76561198442580508 · tribute_sent a jugador 3 |
| 39:46 | 76561198442580508 · tribute_sent a jugador 4 |
| 39:46 | 76561198442580508 · tribute_sent a jugador 5 |
| 39:46 | 76561198442580508 · tribute_sent a jugador 6 |
| 39:46 | 76561198442580508 · tribute_sent a jugador 8 |
| 40:13 | 76561198442580508 · tribute_sent a jugador 1 |
| 40:13 | 76561198442580508 · tribute_sent a jugador 2 |
| 40:13 | 76561198442580508 · tribute_sent a jugador 3 |
| 40:13 | 76561198442580508 · tribute_sent a jugador 4 |
| 40:13 | 76561198442580508 · tribute_sent a jugador 5 |
| 40:13 | 76561198442580508 · tribute_sent a jugador 6 |
| 40:13 | 76561198442580508 · tribute_sent a jugador 8 |
| 40:22 | stroemming14 · first_building Siege Workshop |
| 40:29 | Titi · first_building Castle |
| 40:40 | 76561198442580508 · tribute_sent a jugador 1 |
| 40:40 | 76561198442580508 · tribute_sent a jugador 2 |
| 40:40 | 76561198442580508 · tribute_sent a jugador 3 |
| 40:40 | 76561198442580508 · tribute_sent a jugador 4 |
| 40:40 | 76561198442580508 · tribute_sent a jugador 5 |
| 40:40 | 76561198442580508 · tribute_sent a jugador 6 |
| 40:40 | 76561198442580508 · tribute_sent a jugador 8 |
| 41:20 | 76561198442580508 · tribute_sent a jugador 1 |
| 41:20 | 76561198442580508 · tribute_sent a jugador 2 |
| 41:20 | 76561198442580508 · tribute_sent a jugador 3 |
| 41:20 | 76561198442580508 · tribute_sent a jugador 4 |
| 41:20 | 76561198442580508 · tribute_sent a jugador 5 |
| 41:20 | 76561198442580508 · tribute_sent a jugador 6 |
| 41:20 | 76561198442580508 · tribute_sent a jugador 8 |
| 41:53 | 76561198442580508 · wall_segment Stone Wall x1 |
| 42:50 | 76561198442580508 · tribute_sent a jugador 1 |
| 42:50 | 76561198442580508 · tribute_sent a jugador 2 |
| 42:50 | 76561198442580508 · tribute_sent a jugador 3 |
| 42:50 | 76561198442580508 · tribute_sent a jugador 4 |
| 42:50 | 76561198442580508 · tribute_sent a jugador 5 |
| 42:50 | 76561198442580508 · tribute_sent a jugador 6 |
| 42:50 | 76561198442580508 · tribute_sent a jugador 8 |
| 43:04 | ITA | CivettaLeotta · first_building Castle |
| 43:07 | 超可愛小海豹 · wall_segment Stone Wall x11 |
| 43:13 | 超可愛小海豹 · wall_segment Stone Wall x12 |
| 43:19 | 超可愛小海豹 · wall_segment Stone Wall x7 |
| 43:41 | 76561198442580508 · tribute_sent a jugador 1 |
| 43:41 | 76561198442580508 · tribute_sent a jugador 2 |
| 43:41 | 76561198442580508 · tribute_sent a jugador 3 |
| 43:41 | 76561198442580508 · tribute_sent a jugador 4 |
| 43:41 | 76561198442580508 · tribute_sent a jugador 5 |
| 43:41 | 76561198442580508 · tribute_sent a jugador 6 |
| 43:41 | 76561198442580508 · tribute_sent a jugador 8 |
| 43:57 | ITA | GiaggiaZena · wall_segment Palisade Wall x1 |
| 43:59 | ITA | GiaggiaZena · wall_segment Palisade Wall x1 |
| 44:02 | ITA | GiaggiaZena · wall_segment Palisade Wall x1 |
| 45:11 | 76561198442580508 · tribute_sent a jugador 1 |
| 45:11 | 76561198442580508 · tribute_sent a jugador 2 |
| 45:11 | 76561198442580508 · tribute_sent a jugador 3 |
| 45:11 | 76561198442580508 · tribute_sent a jugador 4 |
| 45:11 | 76561198442580508 · tribute_sent a jugador 5 |
| 45:11 | 76561198442580508 · tribute_sent a jugador 6 |
| 45:11 | 76561198442580508 · tribute_sent a jugador 8 |
| 47:17 | 76561198442580508 · tribute_sent a jugador 1 |
| 47:17 | 76561198442580508 · tribute_sent a jugador 2 |
| 47:17 | 76561198442580508 · tribute_sent a jugador 3 |
| 47:17 | 76561198442580508 · tribute_sent a jugador 4 |
| 47:17 | 76561198442580508 · tribute_sent a jugador 5 |
| 47:17 | 76561198442580508 · tribute_sent a jugador 6 |
| 47:17 | 76561198442580508 · tribute_sent a jugador 8 |
| 47:35 | 超可愛小海豹 · wall_segment Stone Wall x37 |
| 47:39 | 超可愛小海豹 · wall_segment Stone Wall x7 |
| 47:55 | 超可愛小海豹 · wall_segment Stone Wall x2 |
| 48:18 | ITA | Dante · first_building Barracks |
| 48:57 | Titi · wall_segment Stone Wall x2 |
| 50:04 | 超可愛小海豹 · wall_segment Stone Wall x9 |
| 50:35 | ITA | CivettaLeotta · first_building Siege Workshop |
| 50:42 | 超可愛小海豹 · wall_segment Stone Wall x12 |
| 51:27 | ITA | Dante · wall_segment Stone Wall x3 |
| 52:39 | ITA | tonypolik · tribute_sent a jugador 1 |
| 52:39 | ITA | tonypolik · tribute_sent a jugador 3 |
| 52:39 | ITA | tonypolik · tribute_sent a jugador 4 |
| 52:39 | ITA | tonypolik · tribute_sent a jugador 5 |
| 52:39 | ITA | tonypolik · tribute_sent a jugador 6 |
| 52:39 | ITA | tonypolik · tribute_sent a jugador 7 |
| 52:39 | ITA | tonypolik · tribute_sent a jugador 8 |
| 52:45 | ITA | Dante · tribute_sent a jugador 1 |
| 52:45 | ITA | Dante · tribute_sent a jugador 2 |
| 52:45 | ITA | Dante · tribute_sent a jugador 3 |
| 52:45 | ITA | Dante · tribute_sent a jugador 5 |
| 52:45 | ITA | Dante · tribute_sent a jugador 6 |
| 52:45 | ITA | Dante · tribute_sent a jugador 7 |
| 52:45 | ITA | Dante · tribute_sent a jugador 8 |
| 53:16 | ITA | Dante · wall_segment Stone Wall x4 |
| 53:18 | ITA | Dante · wall_segment Stone Wall x4 |
| 53:39 | Titi · resign |
[ AI ANALYSIS · 1 CREDIT ]
What really happened in this match?
Wolo.gg analyzes every decision: build order, eco, micro, common mistakes by bracket. Personalized analysis on WhatsApp or Discord in 30 seconds.
Civ guide
Portuguese
Perfil
Jugador #1881383